 Dungeon Crawl Stone Soup version 0.21-a0-630-g344d351 (webtiles) character file.

16198 Lanoc the Cleaver (level 12, -1/96 HPs)
             Began as a Formicid Fighter on Dec 26, 2017.
             Was a High Priest of Trog.
             Slain by Frances
             ... wielding a +0 short sword
              (23 damage)
             ... on level 12 of the Dungeon.
             The game lasted 00:45:41 (16451 turns).

Lanoc the Cleaver (Formicid Fighter)               Turns: 16451, Time: 00:45:42

Health: -1/96      AC: 10    Str: 24    XL:     12   Next: 67%
Magic:  4/4        EV: 12    Int:  7    God:    Trog [*****.]
Gold:   779        SH:  0    Dex: 13    Spells: 11/11 levels left

rFire    . . .     SeeInvis +   G - +3 broad axe (antimagic)
rCold    . . .     Gourm    .   i - +0 large shield
rNeg     + . .     Faith    +   b - +1 scale mail
rPois    .         Spirit   .   (helmet unavailable)
rElec    .         Reflect  .   A - +0 cloak
rCorr    +         Harm     .   (no gloves)
MR       +....                  (no boots)
Stlth    ..........             e - amulet of faith
HPRegen  0.26/turn              o - ring of positive energy
MPRegen  0.09/turn              c - ring of resist corrosion

@: confused
A: permanent stasis, dig shafts and tunnels, four strong arms, antennae 3
a: Dig, Shaft Self, Trog's Hand, Brothers in Arms, Burn Spellbooks, Renounce
Religion


You were on level 12 of the Dungeon.
You worshipped Trog.
Trog was extremely pleased with you.
You were not hungry.

You visited 2 branches of the dungeon, and saw 13 of its levels.
You also visited: Ossuary.

You collected 779 gold pieces.

Inventory:

Hand Weapons
 D - a +1 battleaxe of holy wrath
 E - a +2 hunting sling of velocity
 G - a +3 antimagic broad axe (weapon)
Missiles
 a - a throwing net
 p - 4 tomahawks
 s - 91 bolts
 u - 3 poisoned tomahawks (quivered)
 F - 39 sling bullets
 I - 6 tomahawks of returning
Armour
 b - a +1 scale mail (worn)
 i - a +0 large shield (worn)
 A - a +0 cloak (worn)
Jewellery
 c - a ring of resist corrosion (right hand)
 e - an amulet of faith (around neck)
 o - a ring of positive energy (left hand)
Wands
 d - a wand of iceblast (8)
 g - a wand of polymorph (9)
 t - a wand of paralysis (32)
 v - a wand of flame (30)
 C - a wand of disintegration (15)
 H - a wand of acid (7)
Scrolls
 h - a scroll of fear
 l - 2 scrolls of remove curse
 r - 4 scrolls of immolation
 y - a scroll of vulnerability {unknown}
 z - a scroll of enchant weapon
 K - a scroll of random uselessness {unknown}
 L - a scroll of enchant armour
Potions
 j - a potion of invisibility
 k - 2 potions of agility
 m - a potion of lignification
 n - a potion of heal wounds
 q - 4 potions of flight
 w - 3 potions of might
 x - 3 potions of brilliance
 M - a potion of resistance {unknown}
 N - a potion of curing
 O - a potion of mutation {unknown}
Miscellaneous
 J - a box of beasts
Comestibles
 f - 22 rations


   Skills:
 + Level 9.5 Fighting
 * Level 11.2 Axes
 + Level 9.4 Armour
 + Level 7.2 Dodging
 + Level 10.3 Shields
 + Level 3.7 Evocations


You had 11 spell levels left.
You didn't know any spells.

Dungeon Overview and Level Annotations

Branches:
Dungeon (12/15)            Temple (1/1) D:4            Lair (0/6) D:8
    Orc (0/2) D:11

Altars:
Ashenzari
Cheibriados
Dithmenos
Elyvilon
Fedhas
Gozag
Hepliaklqana
Kikubaaqudgha
Makhleb
Nemelex Xobeh
Okawaru
Qazlal
Ru
Sif Muna
Trog
Uskayaw
Vehumet
Wu Jian
Xom
Yredelemnul
Zin
The Shining One

Shops:
D:8 *   D:9 [

Annotations:
D:12 Frances


Innate Abilities, Weirdness & Mutations

You cannot be hasted, slowed, berserked, paralysed or teleported.
You can dig through walls and to a lower floor.
Your four strong arms can wield two-handed weapons with a shield.
You have a pair of large antennae on your head. (SInv)


Message History

Frances hits you but does no damage. You block Frances's attack.
You hit Frances but do no damage.
Frances is lightly wounded.
Frances hits you with a short sword! You block Frances's attack.
You hit Frances but do no damage.
Frances is lightly wounded.
You block Frances's attack.
You slash Frances!
Frances's magic leaks into the air.
Frances is moderately wounded.
You block Frances's attack. Frances hits you with a short sword!!
You closely miss Frances.
Frances is moderately wounded.
Frances hits you with a short sword!
* * * LOW HITPOINT WARNING * * *
You block Frances's attack.
You are confused.
You feel invigorated.
The ufetubus disappears in a puff of smoke!
Frances hits you with a short sword!!
You die...

.......#.#.# #55@## {
.####.(#.#.#####..3.# ... .#
#..........#..8.# #'#
.#####.##......#.8..# #.#
.......##......#....# #.#
...............###..###.#
...............# ##{.##.#
..........##########3##.########
..........'.....@@Yo§...........
..........##########....########
#####'##### ##.........## #.#
#..8...P....# #.# #8........P.#
#.# #8..........# #####.#
#..8.....#.## #.....#
##.......#.# #..##.# #.......#.#


You could see Frances, a yak, a ynoxinul and an orc.

Vanquished Creatures
  3 two-headed ogres
  An unseen horror (D:12)
  2 manticores (D:11)
  An ugly thing (D:11)
  Joseph (D:8)
  2 hippogriffs
  A vampire (D:12)
  2 hogs (D:7)
  A shadow (D:11)
  A hungry ghost (D:9)
  15 yaks
  A human (D:7)
  Grum (D:8)
  A wraith (D:11)
  Edmund (D:5)
  Duvessa (D:6)
  A water moccasin (D:9)
  6 orc warriors
  4 porcupines (D:8)
  A black bear (D:6)
  3 sky beasts
  4 ice beasts
  A necrophage (D:12)
  2 phantoms (D:9)
  3 ogres
  8 centaurs
  2 wolves (D:8)
  13 bullfrogs
  A big kobold (D:10)
  A gnoll sergeant (D:5)
  Blork the orc (D:6)
  Dowan (D:6)
  A wyvern skeleton (D:12)
  2 scorpions
  22 killer bees
  A troll zombie (D:11)
  2 howler monkeys
  5 wights
  4 crimson imps
  5 centaur zombies
  3 bullfrog zombies (D:12)
  A human zombie (D:11)
  2 jellies
  12 orc wizards
  2 orc priests
  4 bullfrog skeletons
  3 hounds
  4 iguanas
  2 centaur skeletons
  A gnoll shaman (D:4)
  A human skeleton (D:11)
  12 worker ants
  2 ogre zombies (D:11)
  A big kobold zombie (Ossuary)
  An ogre skeleton (D:11)
  A hound skeleton (D:4)
  6 mummies
  2 worker ant zombies (D:11)
  13 gnolls
  8 adders
  2 howler monkey skeletons
  3 shadow imps
  2 oozes
  3 adder zombies (Ossuary)
  2 adder skeletons
  4 worms
  4 dart slugs
  6 leopard geckos
  40 orcs
  5 bats
  11 giant cockroaches
  8 goblins
  13 hobgoblins
  7 jackals
  9 quokkas
  A ball python (D:2)
  8 frilled lizards
  2 goblin zombies (Ossuary)
  9 hobgoblin zombies (Ossuary)
  A jackal skeleton (D:4)
  A jackal zombie (Ossuary)
  19 kobolds
  9 kobold zombies (Ossuary)
  A leopard gecko skeleton (D:4)
  A leopard gecko zombie (D:6)
  9 orc zombies (Ossuary)
  7 rats
  4 fungi (D:8)
  A plant (D:8)
402 creatures vanquished.

Vanquished Creatures (others)
  A fungus (D:8)
  A withered plant (D:12)
2 creatures vanquished.

Grand Total: 404 creatures vanquished

Notes
Turn   | Place    | Note
-------+----------+-------------------------------------------
     0 | D:1      | Lanoc the Formicid Fighter began the quest for the Orb.
     0 | D:1      | Reached XP level 1. HP: 18/18 MP: 1/1
   105 | D:1      | Reached XP level 2. HP: 12/24 MP: 2/2
   463 | D:1      | Reached XP level 3. HP: 29/29 MP: 3/3
   971 | D:2      | Reached skill level 1 in Dodging
  1100 | D:2      | Reached XP level 4. HP: 34/37 MP: 4/4
  1516 | D:2      | Found an opulent altar of Gozag.
  1729 | D:2      | Found a bloodstained altar of Trog.
  1730 | D:2      | Found an iron altar of Okawaru.
  1739 | D:2      | Became a worshipper of Trog the Wrathful
  2168 | D:3      | Reached XP level 5. HP: 37/42 MP: 5/5
  2282 | D:3      | Found a snail-covered altar of Cheibriados.
  2425 | D:3      | Reached skill level 3 in Axes
  2807 | D:4      | Reached * piety under Trog
  2854 | D:4      | Reached XP level 6. HP: 22/48 MP: 6/6
  3322 | D:4      | Reached skill level 5 in Shields
  3509 | D:4      | Noticed an ogre
  3517 | D:4      | Killed an ogre
  3517 | D:4      | Reached XP level 7. HP: 50/55 MP: 7/7
  3644 | D:3      | Reached skill level 4 in Axes
  4302 | D:4      | Reached ** piety under Trog
  4355 | D:4      | Found a staircase to the Ecumenical Temple.
  4367 | Temple   | Entered the Ecumenical Temple
  4679 | D:5      | Entered Level 5 of the Dungeon
  4904 | D:5      | Noticed Edmund
  4914 | D:5      | Killed Edmund
  4914 | D:5      | Reached skill level 5 in Fighting
  4914 | D:5      | Reached skill level 5 in Armour
  4914 | D:5      | Reached XP level 8. HP: 52/62 MP: 8/8
  5147 | D:5      | Reached skill level 5 in Axes
  5753 | D:5      | Found a bloodstained altar of Trog.
  5850 | D:5      | Reached *** piety under Trog
  6201 | D:6      | Reached XP level 9. HP: 63/69 MP: 9/9
  6227 | D:6      | Reached skill level 6 in Axes
  6305 | D:6      | Noticed Duvessa
  6308 | D:6      | Noticed Dowan
  6316 | D:6      | Killed Duvessa
  6499 | D:6      | Killed Dowan
  6613 | D:6      | Noticed Blork the orc
  6632 | D:6      | Killed Blork the orc
  6633 | D:6      | Reached skill level 7 in Axes
  6711 | D:6      | Found a sand-covered staircase.
  6720 | Ossuary  | Entered an ossuary
  6732 | Ossuary  | Reached **** piety under Trog
  6957 | Ossuary  | Reached ***** piety under Trog
  7052 | D:6      | Reached XP level 10. HP: 77/77 MP: 10/10
  7691 | D:7      | Reached skill level 8 in Axes
  7748 | D:7      | Reached skill level 5 in Dodging
  8089 | D:7      | Found a hide-covered altar of Uskayaw.
  9363 | D:7      | Got an encrusted falchion
  9371 | D:7      | Identified the cursed +2 falchion of Eczoerhe {elec, +Fly Int-4 Dex+2} (You found it on level 7 of the Dungeon)
 10006 | D:8      | Found a staircase to the Lair.
 10236 | D:8      | Found a stormy altar of Qazlal.
 10285 | D:8      | Noticed Grum
 10288 | D:8      | Received a gift from Trog
 10300 | D:8      | Reached skill level 9 in Axes
 10312 | D:8      | Killed Grum
 10549 | D:8      | Reached XP level 11. HP: 70/86 MP: 11/11
 10680 | D:8      | Found a deep blue altar of Sif Muna.
 10709 | D:8      | Identified Sif Muna's Incunabulum of Intoxication
 10831 | D:8      | Noticed Joseph
 10845 | D:8      | Killed Joseph
 11098 | D:8      | Found Jomurioxi's Island Escapes.
 11108 | D:8      | Noticed a two-headed ogre
 11116 | D:8      | Killed a two-headed ogre
 11632 | D:9      | Found Ugasucre's Armour Boutique.
 12031 | D:9      | Reached skill level 10 in Axes
 12702 | D:10     | Entered Level 10 of the Dungeon
 13383 | D:10     | Received a gift from Trog
 13835 | D:11     | Noticed a manticore
 13846 | D:11     | Killed a manticore
 13846 | D:11     | Reached skill level 1 in Evocations
 14355 | D:11     | Noticed a two-headed ogre
 14362 | D:11     | Killed a two-headed ogre
 14362 | D:11     | Reached XP level 12. HP: 50/95 MP: 3/13
 14555 | D:11     | Found a basalt altar of Yredelemnul.
 14618 | D:11     | Found a staircase to the Orcish Mines.
 14693 | D:11     | HP: 4/95 [white ugly thing (31)]
 15555 | D:12     | Noticed an unseen horror
 15716 | D:12     | Reached skill level 10 in Shields
 15752 | D:12     | Killed an unseen horror
 15752 | D:12     | Reached skill level 11 in Axes
 16087 | D:12     | Noticed a two-headed ogre
 16093 | D:12     | Killed a two-headed ogre
 16374 | D:12     | Received a gift from Trog
 16420 | D:12     | Noticed Frances
 16425 | D:12     | Noticed a soul eater
 16426 | D:12     | Noticed a soul eater
 16451 | D:12     | Slain by Frances

Vault maps used:
D:1:      dpeg_arrival_rhombus, kennysheep_decorative_pillar, st_stairs_1
D:2:      minmay_roachtagon, gammafunk_temple_overflow_statue,
          nicolae_gozag_cash_rules_everything_around_me
D:3:      cheibriados_altar_1
D:4:      temple_green
D:5:      basic_altar, first_ration, minmay_joined_circles, uniq_edmund
D:6:      chequers_ossuary_entry_cave, uniq_blork_the_orc, uniq_duvessa
D:7:      eat_drink_and_be_merry_uskayaw, minmay_crystal_water, grunt_livestock,
          kennysheep_nub, st_stairs_12
D:8:      led_sif_book, grunt_qazlal_clouds, grunt_lair_entry_orc_guard_hut,
          nicolae_island_escapes, uniq_joseph, uniq_grum
D:9:      serial_shops, shop_fountains
D:10:     due_unseen_surprise
D:11:     orc_0_dummy, hangedman_decor_slide_cut, abandoned_shop,
          lemuel_mausoleum_altar_yredelemnul
D:12:     serial_undead, serial_undead_c, serial_undead_d, serial_undead_e,
          serial_undead_b, serial_undead_c, serial_undead_e, serial_undead_b,
          st_stairs_7, uniq_frances
Temple:   eino_temple_rhombus
Ossuary:  ossuary_tomb_1

Skill      XL: |  1  2  3  4  5  6  7  8  9 10 11 12 |
---------------+-------------------------------------+-----
Shields        | 4 5 6 7 8 9 10 | 10.3
Dodging        | 1 2 3 4 5 6 7 |  7.2
Fighting       | 4 5 6 7 9 |  9.5
Armour         | 4 5 6 7 8 9 |  9.4
Axes           | 3 4 5 7 9 10 11 | 11.2
Evocations     | 1 3 |  3.7

Action                   |  1- 3 |  4- 6 |  7- 9 | 10-12 || total
-------------------------+-------+-------+-------+-------++-------
Melee: War axe           |    91 |   145 |       |       ||   236
       Battleaxe         |       |    75 |   460 |   430 ||   965
       Broad axe         |       |       |       |   292 ||   292
Invok: Burn Spellbooks   |       |       |     3 |     3 ||     6
       Trog's Hand       |       |       |     1 |       ||     1
 Abil: Dig               |     4 |       |     2 |     1 ||     7
Evoke: Wand              |       |       |       |     2 ||     2
  Use: Scroll            |       |       |    14 |     6 ||    20
       Potion            |       |       |     1 |    10 ||    11
  Eat: Chunk             |     1 |     8 |    14 |    22 ||    45
       Ration            |       |       |       |     3 ||     3
Armor: Scale mail        |    33 |   103 |   135 |   200 ||   471
Dodge: Dodged            |    31 |    96 |   128 |   248 ||   503
Block: Shield            |    49 |   153 |    99 |       ||   301
       Large shield      |       |       |   287 |   807 ||  1094

Table legend:
 A = Spawn XP
 B = Non-spawn XP
 C = Spawn XP percentage of total XP
 D = Spawn monster count
 E = Non-spawn monster count
 F = Spawn count percentage of total count
 G = Total turns spent on level
                    A         B        C        D         E        F      G
               +---------+---------+-------+---------+---------+-------+---------
         Total |       0 |   23141 |   0.0 |       0 |     397 |   0.0 | 16451
               +---------+---------+-------+---------+---------+-------+---------
           D:1 |       0 |      45 |   0.0 |       0 |      22 |   0.0 |   914
           D:2 |       0 |      78 |   0.0 |       0 |      33 |   0.0 |  1136
           D:3 |       0 |     107 |   0.0 |       0 |      27 |   0.0 |  1015
           D:4 |       0 |     627 |   0.0 |       0 |      35 |   0.0 |  1826
           D:5 |       0 |    1024 |   0.0 |       0 |      34 |   0.0 |  1317
           D:6 |       0 |    1874 |   0.0 |       0 |      38 |   0.0 |   832
           D:7 |       0 |    2299 |   0.0 |       0 |      33 |   0.0 |  2267
           D:8 |       0 |    3190 |   0.0 |       0 |      20 |   0.0 |  1786
           D:9 |       0 |    2924 |   0.0 |       0 |      35 |   0.0 |  1676
          D:10 |       0 |    1068 |   0.0 |       0 |      16 |   0.0 |  1003
          D:11 |       0 |    4222 |   0.0 |       0 |      34 |   0.0 |  1527
          D:12 |       0 |    5433 |   0.0 |       0 |      31 |   0.0 |   789
       Ossuary |       0 |     250 |   0.0 |       0 |      39 |   0.0 |   244
               +---------+---------+-------+---------+---------+-------+---------
